AoeStats
← Erickinio

Black Forest

510142067Analyzed
4v4 RM · 2d ago on Sep 29, 2026· 102m 57s· 8 players
Game mode
Random Map
Map size
Large (8 player)
Population
200
Speed
Normal
Resources
Standard
Victory
Conquest
Starting age
Dark Age
Ending age
Imperial Age
RankedLock teamsTeams togetherTeam positionsShared explorationLock speedFull tech treeHidden civsTurbo modeCheats
Victory
Defeat
🇳🇱 Koreans · Netherlands
959
+14
🇬🇧 Britons · United Kingdom
922
+15
🇩🇪 Burgundians · Germany
910
+16
🇧🇪 Magyars · Belgium
900
+16
🇦🇷 Celts · Argentina
948
-16
🇬🇧 Burgundians · United Kingdom
937
-17
🇦🇷 Burgundians · Argentina
935
-16
🇫🇷 Magyars · France
825
-12
MadmanMike91
12:20 Loom
15:29 Feudal Age
19:17 Castle Age
18:29 Fletching
18:48 Double-Bit Axe
21:13 Bow Saw
20:47 Horse Collar
21:06 Bodkin Arrow
28:13 Wheelbarrow
31:42 Imperial Age
30:44 Hand Cart
30:34 Padded Archer Armor
36:31 Squires
36:16 Gambesons
35:52 Man-at-Arms
35:58 Pikeman
37:22 Arson
37:56 Stone Mining
37:56 Gold Mining
38:10 Caravan
38:54 Halberdier
42:22 Two-Man Saw
41:26 Heavy Plow
43:33 Gold Shaft Mining
44:45 Elite Longbowman
46:01 Hoardings
46:47 Town Watch
49:30 Yeomen
49:12 Warwolf
49:18 Warwolf
49:42 Conscription
51:10 Scale Mail Armor
51:21 Forging
51:12 Bracer
51:28 Leather Archer Armor
57:46 Ring Archer Armor
57:31 Chain Mail Armor
57:52 Iron Casting
57:23 Scale Barding Armor
59:20 Guilds
62:33 Elite Skirmisher
64:52 Chemistry
64:13 Ballistics
63:48 Murder Holes
63:34 Treadmill Crane
64:05 Masonry
63:41 Arrowslits
64:02 Siege Engineers
72:23 Architecture
71:47 Heated Shot
76:23 Devotion
89:22 Plate Mail Armor
89:53 Blast Furnace
89:14 Chain Barding Armor
88:56 Husbandry
92:23 Conscription
93:53 Guard Tower
101:45 Illumination
101:44 Sanctity
gvvugts93
14:57 Feudal Age
17:31 Double-Bit Axe
18:12 Horse Collar
19:44 Wheelbarrow
21:23 Fletching
24:02 Castle Age
22:57 Stone Mining
23:02 Gold Mining
25:39 Bow Saw
28:29 Hand Cart
29:32 Heavy Plow
32:00 Town Watch
32:41 Fortified Wall
32:29 Bodkin Arrow
33:24 Loom
38:13 Imperial Age
35:59 Masonry
35:45 Murder Holes
36:55 Treadmill Crane
37:36 Ballistics
41:33 Chemistry
40:46 Forging
40:36 Bracer
42:52 Two-Man Saw
42:28 Caravan
45:51 Husbandry
45:13 Light Cavalry
46:04 Scale Barding Armor
46:34 Iron Casting
46:11 Hussar
47:59 Architecture
51:53 Scale Mail Armor
64:01 Capped Ram
73:17 Chain Barding Armor
73:13 Chain Mail Armor
75:03 Thumb Ring
74:20 Crossbowman
76:05 Arbalester
76:55 Arrowslits
77:18 Siege Engineers
77:32 Elite Skirmisher
79:07 Plate Mail Armor
85:56 Heavy Rocket Cart
RapperWaerter97
11:07 Feudal Age
17:37 Castle Age
15:28 Double-Bit Axe
16:25 Bow Saw
16:20 Horse Collar
17:12 Heavy Plow
18:13 Wheelbarrow
24:12 Hand Cart
27:25 Gold Mining
27:29 Stone Mining
27:50 Caravan
29:01 Gold Shaft Mining
29:03 Stone Shaft Mining
30:25 Two-Man Saw
29:57 Crop Rotation
34:52 Imperial Age
32:08 Loom
32:09 Town Watch
32:39 Scale Barding Armor
32:35 Scale Mail Armor
32:45 Forging
32:26 Fletching
32:36 Padded Archer Armor
34:23 Murder Holes
34:40 Fortified Wall
34:50 Ballistics
34:11 Treadmill Crane
34:57 Chain Barding Armor
34:53 Chain Mail Armor
35:07 Pikeman
35:48 Squires
36:00 Burgundian Vineyards
36:01 Arson
36:56 Elite Coustillier
40:12 Cavalier
40:52 Husbandry
44:20 Plate Barding Armor
44:15 Plate Mail Armor
44:21 Iron Casting
43:41 Bodkin Arrow
44:02 Leather Archer Armor
43:50 Halberdier
45:48 Guilds
46:08 Coinage
47:32 Conscription
46:43 Sappers
47:48 Hoardings
47:07 Paladin
57:41 Banking
66:30 Elite Skirmisher
71:58 Bracer
77:17 Crossbowman
99:30 Blast Furnace
B-Zibit
2:29 Loom
11:41 Feudal Age
12:43 Double-Bit Axe
12:44 Horse Collar
15:11 Stone Mining
20:02 Castle Age
18:34 Gold Mining
22:22 Wheelbarrow
24:46 Caravan
31:22 Hand Cart
30:42 Pikeman
31:34 Scale Mail Armor
31:40 Scale Barding Armor
35:03 Imperial Age
34:08 Bloodlines
33:59 Husbandry
35:38 Halberdier
36:08 Cavalier
37:37 Elite Magyar Huszar
38:55 Hoardings
39:10 Town Watch
41:08 Corvinian Army
41:29 Conscription
42:00 Bow Saw
41:55 Heavy Plow
42:51 Arson
45:00 Chain Mail Armor
45:06 Chain Barding Armor
44:37 Fletching
44:49 Padded Archer Armor
46:02 Paladin
47:55 Plate Barding Armor
52:29 Bodkin Arrow
52:50 Leather Archer Armor
64:29 Man-at-Arms
66:08 Long Swordsman
67:23 Two-Handed Swordsman
70:16 Champion
72:12 Bracer
72:42 Ring Archer Armor
73:42 Onager
84:19 Parthian Tactics
83:14 Heavy Cavalry Archer
84:00 Thumb Ring
84:07 Thumb Ring
83:25 Heavy Cavalry Archer
92:33 Sappers
93:05 Recurve Bow
Dykiris
16:32 Feudal Age
20:41 Horse Collar
25:16 Castle Age
24:28 Scale Barding Armor
25:10 Scale Mail Armor
25:10 Padded Archer Armor
25:01 Fletching
24:59 Double-Bit Axe
25:09 Stone Mining
25:10 Gold Mining
25:57 Wheelbarrow
25:18 Town Watch
26:25 Heavy Plow
26:46 Bow Saw
27:49 Gold Shaft Mining
28:49 Hand Cart
29:07 Chain Barding Armor
32:03 Corvinian Army
32:31 Husbandry
33:52 Bloodlines
33:06 Light Cavalry
40:32 Imperial Age
38:49 Crossbowman
39:34 Thumb Ring
39:39 Elite Skirmisher
42:06 Cavalier
54:56 Pikeman
55:22 Arson
56:56 Halberdier
69:02 Man-at-Arms
70:39 Elite Magyar Huszar
misaltamonteschiquitin
0:47 Loom
2:39 Wheelbarrow
12:08 Double-Bit Axe
16:34 Feudal Age
17:30 Hand Cart
17:38 Bow Saw
17:36 Horse Collar
18:20 Heavy Plow
21:54 Gold Mining
23:12 Gold Shaft Mining
23:13 Town Watch
25:37 Castle Age
23:56 Scale Mail Armor
25:09 Forging
25:07 Scale Barding Armor
24:53 Fletching
24:28 Man-at-Arms
24:54 Arson
25:05 Stone Mining
25:35 Caravan
26:57 Stone Shaft Mining
27:34 Guilds
27:56 Crop Rotation
29:17 Two-Man Saw
33:50 Iron Casting
33:11 Bodkin Arrow
32:56 Pikeman
35:11 Chain Mail Armor
35:02 Squires
36:03 Chain Barding Armor
37:46 Burgundian Vineyards
37:52 Padded Archer Armor
37:38 Treadmill Crane
38:11 Masonry
41:35 Imperial Age
41:03 Ballistics
40:17 Cavalier
40:57 Husbandry
42:23 Leather Archer Armor
41:52 Halberdier
41:58 Paladin
44:04 Blast Furnace
43:06 Bracer
43:46 Plate Barding Armor
43:58 Bracer
45:01 Plate Mail Armor
45:36 Chemistry
45:07 Architecture
53:18 Light Cavalry
54:17 Hussar
79:47 Elite Skirmisher
91:06 Onager
ADORNI
5:23 Loom
9:52 Double-Bit Axe
10:43 Gold Mining
11:11 Horse Collar
12:31 Wheelbarrow
14:11 Feudal Age
15:34 Bow Saw
15:26 Heavy Plow
16:04 Gold Shaft Mining
17:13 Hand Cart
21:05 Castle Age
19:53 Scale Barding Armor
20:57 Forging
22:29 Cavalier
23:33 Chain Barding Armor
23:50 Iron Casting
23:17 Husbandry
25:55 Two-Man Saw
27:17 Crop Rotation
28:04 Stone Mining
28:44 Town Watch
40:38 Imperial Age
38:47 Stone Shaft Mining
40:44 Burgundian Vineyards
42:03 Ballistics
42:44 Chemistry
45:00 Padded Archer Armor
44:52 Fletching
45:33 Conscription
49:52 Leather Archer Armor
49:34 Bodkin Arrow
51:09 Elite Skirmisher
52:32 Bracer
54:29 Blast Furnace
58:16 Caravan
69:20 Blast Furnace
70:24 Plate Barding Armor
69:14 Light Cavalry
70:35 Hussar
75:04 Paladin
86:20 Murder Holes
Erickinio
1:26 Loom
13:30 Feudal Age
14:56 Double-Bit Axe
17:07 Forging
16:53 Arson
17:40 Scale Mail Armor
17:42 Man-at-Arms
25:38 Castle Age
23:57 Stone Mining
23:57 Gold Mining
24:15 Horse Collar
25:32 Wheelbarrow
28:51 Gambesons
28:27 Pikeman
32:11 Gold Shaft Mining
32:17 Heavy Plow
33:47 Stone Shaft Mining
33:49 Murder Holes
34:46 Stronghold
35:27 Masonry
35:54 Bow Saw
38:33 Hand Cart
41:00 Imperial Age
38:44 Long Swordsman
39:38 Fortified Wall
40:07 Ballistics
40:25 Iron Casting
40:05 Chain Mail Armor
40:42 Fletching
40:52 Padded Archer Armor
41:55 Furor Celtica
42:06 Conscription
42:54 Blast Furnace
42:02 Siege Engineers
43:49 Chemistry
43:15 Town Watch
43:19 Onager
43:30 Halberdier
44:50 Siege Onager
45:47 Two-Handed Swordsman
49:01 Plate Mail Armor
49:02 Champion
49:27 Elite Woad Raider
51:43 Heavy Scorpion
70:09 Bodkin Arrow
76:09 Leather Archer Armor
81:28 Elite Skirmisher
85:14 Ring Archer Armor
87:33 Town Patrol
Connection lost

Rejoining the realm…

Still unreachable

The connection could not be restored.

Session expired

The server has moved on; the page needs a fresh start.